AoeStats
← DRx5837

Arabia

508863460Analyzed
1v1 RM · 7d ago on Sep 24, 2026· 45m 38s· 2 players
Game mode
Random Map
Map size
Tiny (2 player)
Population
200
Speed
Normal
Resources
Standard
Victory
Conquest
Starting age
Dark Age
Ending age
Imperial Age
RankedLock teamsTeams togetherTeam positionsShared explorationLock speedFull tech treeHidden civsTurbo modeCheats
Victory
Defeat
🇦🇷 Bulgarians · Argentina
1326
+17
🇨🇭 Berbers · Switzerland
1348
-17
titumir
6:01 Loom
9:04 Feudal Age
9:53 Arson
12:50 Double-Bit Axe
17:35 Fletching
17:52 Horse Collar
23:29 Castle Age
23:01 Stone Mining
23:04 Gold Mining
25:57 Scale Barding Armor
26:03 Forging
27:13 Wheelbarrow
26:40 Heavy Plow
27:41 Chain Barding Armor
27:33 Husbandry
27:48 Bloodlines
31:24 Iron Casting
31:28 Stirrups
33:06 Gold Shaft Mining
34:38 Scale Mail Armor
36:40 Chain Mail Armor
38:13 Hand Cart
41:43 Imperial Age
39:00 Town Watch
41:46 Elite Konnik
43:08 Plate Barding Armor
43:34 Blast Furnace
43:12 Plate Mail Armor
43:08 Conscription
DRx5837
7:22 Loom
9:35 Feudal Age
10:56 Double-Bit Axe
17:39 Wheelbarrow
16:54 Horse Collar
18:14 Fletching
24:02 Castle Age
23:09 Bloodlines
23:39 Scale Barding Armor
24:15 Forging
27:40 Chain Barding Armor
29:27 Town Watch
30:50 Hand Cart
33:38 Iron Casting
38:19 Gold Mining
38:46 Bow Saw
39:47 Bodkin Arrow
43:20 Imperial Age
41:24 Padded Archer Armor
41:44 Kasbah
42:03 Husbandry
42:38 Ballistics
43:32 Thumb Ring
43:25 Cavalier
44:43 Plate Barding Armor
45:09 Blast Furnace
Connection lost

Rejoining the realm…

Still unreachable

The connection could not be restored.

Session expired

The server has moved on; the page needs a fresh start.